MWL (24 & UNDER)
LEE'S SUMMIT TIGERS @ COLUMBIA 08S
08/30/2027
 
TOP OF THE 1ST
Lee's Summit Tigers batting - Pitching for Columbia 08s : RHP Claudio Ramírez
Pitching: RHP Claudio Ramírez
Batting: RHB Jesús Ramos 0-0: Called Strike
0-1: Ball
1-1: Foul Ball, location: 2F
1-2: Foul Ball, location: 2F
1-2: Ball
2-2: Ball
3-2: Base on Balls
Batting: RHB Kyle Baylor 0-0: Swinging Strike
0-1: Ball
1-1: Ball
2-1: Foul Ball, location: 2F
2-2: Ball
3-2: Strikes out looking
Batting: RHB Ricardo Velásquez 0-0: Ball
Jesús Ramos is caught stealing 2nd base
1-0: SINGLE (Line Drive, 78M)
Batting: LHB Milo Powers 0-0: Called Strike
0-1: Swinging Strike
0-2: Ball
1-2: Ball
2-2: Foul Ball, location: 2F
2-2: Foul Ball, location: 2F
2-2: Ball
3-2: Ground out 4-3 (Groundball, 4)
Top of the 1st over - 0 run(s), 1 hit(s), 0 error(s), 1 left on base; Lee's Summit 0 - Columbia 0
BOTTOM OF THE 1ST
Columbia 08s batting - Pitching for Lee's Summit Tigers : RHP Jeff Mann
Pitching: RHP Jeff Mann
Batting: RHB Carlos López 0-0: Foul Ball, location: 2F
0-1: Ball
1-1: Called Strike
1-2: Ball
2-2: SINGLE (Groundball, 56D)
Batting: LHB Dave Raines 0-0: Called Strike
Carlos López steals 2nd base
0-1: Foul Ball, location: 2F
0-2: Strikes out swinging
Batting: RHB Tom Hicks 0-0: Called Strike
Carlos López is caught stealing 3rd base
0-1: Ball
1-1: Called Strike
1-2: Strikes out swinging
Bottom of the 1st over - 0 run(s), 1 hit(s), 0 error(s), 0 left on base; Lee's Summit 0 - Columbia 0
TOP OF THE 2ND
Lee's Summit Tigers batting - Pitching for Columbia 08s : RHP Claudio Ramírez
Batting: RHB Michael Hall 0-0: Ground out 6-3 (Groundball, 6S)
Batting: RHB Steven Wright 0-0: Called Strike
0-1: Ball
1-1: Ground out 6-3 (Groundball, 6)
Batting: RHB Steve Cook 0-0: Ball
1-0: Called Strike
1-1: Ball
2-1: DOUBLE (Groundball, 3L)
Batting: RHB Hubert MacDonald 0-0: Ball
1-0: Fly out, F9 (Flyball, 9LSF)
Top of the 2nd over - 0 run(s), 1 hit(s), 0 error(s), 1 left on base; Lee's Summit 0 - Columbia 0
BOTTOM OF THE 2ND
Columbia 08s batting - Pitching for Lee's Summit Tigers : RHP Jeff Mann
Batting: RHB Jaime Hernández 0-0: Ball
1-0: Ball
2-0: Called Strike
2-1: Ball
3-1: Base on Balls
Batting: SHB Juan Carlos González 0-0: Ball
1-0: Fielders Choice at 2nd, 1-6 (Groundball, 13)
Batting: RHB Pedro López 0-0: Called Strike
0-1: Foul Ball, location: 2F
0-2: SINGLE (Line Drive, 8RS)
Juan Carlos González to second
Batting: RHB James Hunter 0-0: Called Strike
0-1: Called Strike
0-2: Ball
1-2: Grounds into double play, 6-4-3 (Groundball, 6)
Bottom of the 2nd over - 0 run(s), 1 hit(s), 0 error(s), 1 left on base; Lee's Summit 0 - Columbia 0
TOP OF THE 3RD
Lee's Summit Tigers batting - Pitching for Columbia 08s : RHP Claudio Ramírez
Batting: RHB César Martínez 0-0: Ball
1-0: Ball
2-0: Foul Ball, location: 2F
2-1: Foul Ball, location: 2F
2-2: Ball
3-2: Base on Balls
Batting: RHB Jesús Ramos 0-0: Ball
1-0: Called Strike
1-1: Ball
2-1: Fly out, F9 (Flyball, 89S)
Batting: RHB Kyle Baylor 0-0: Called Strike
0-1: Ball
1-1: Ball
2-1: Called Strike
2-2: Foul Ball, location: 2F
2-2: Ball
3-2: Strikes out looking
Batting: RHB Ricardo Velásquez 0-0: Foul Ball, location: 2F
0-1: Fielders Choice at 2nd, 5-4 (Groundball, 56)
Top of the 3rd over - 0 run(s), 0 hit(s), 0 error(s), 0 left on base; Lee's Summit 0 - Columbia 0
BOTTOM OF THE 3RD
Columbia 08s batting - Pitching for Lee's Summit Tigers : RHP Jeff Mann
Batting: RHB Juan Trujillo 0-0: Called Strike
0-1: Called Strike
0-2: Ball
1-2: Ball
2-2: Fly out, F8 (Flyball, 8LM)
Batting: RHB Carlos Estrada 0-0: Ball
1-0: Fly out, F8 (Line Drive, 78M)
Batting: RHB Carlos López 0-0: Called Strike
0-1: Ball
1-1: Fly out, F9 (Flyball, 9S)
Bottom of the 3rd over - 0 run(s), 0 hit(s), 0 error(s), 0 left on base; Lee's Summit 0 - Columbia 0
TOP OF THE 4TH
Lee's Summit Tigers batting - Pitching for Columbia 08s : RHP Claudio Ramírez
Batting: LHB Milo Powers 0-0: Ball
1-0: Called Strike
1-1: Foul Ball, location: 2F
1-2: Strikes out looking
Batting: RHB Michael Hall 0-0: Foul Ball, location: 2F
0-1: Ball
1-1: Swinging Strike
1-2: Strikes out looking
Batting: RHB Steven Wright 0-0: Ball
1-0: Swinging Strike
1-1: Foul Ball, location: 2F
1-2: Foul Ball, location: 2F
1-2: Strikes out swinging
Top of the 4th over - 0 run(s), 0 hit(s), 0 error(s), 0 left on base; Lee's Summit 0 - Columbia 0
BOTTOM OF THE 4TH
Columbia 08s batting - Pitching for Lee's Summit Tigers : RHP Jeff Mann
Batting: LHB Dave Raines 0-0: Called Strike
0-1: Ball
1-1: Foul Ball, location: 2F
1-2: Foul Ball, location: 2F
1-2: Ball
2-2: Strikes out swinging
Batting: RHB Tom Hicks 0-0: Ball
1-0: Fly out, F8 (Flyball, 8RM)
Batting: RHB Jaime Hernández 0-0: Called Strike
0-1: Ground out 5-3 (Groundball, 56)
Bottom of the 4th over - 0 run(s), 0 hit(s), 0 error(s), 0 left on base; Lee's Summit 0 - Columbia 0
TOP OF THE 5TH
Lee's Summit Tigers batting - Pitching for Columbia 08s : RHP Claudio Ramírez
Batting: RHB Steve Cook 0-0: Ball
1-0: SINGLE (Groundball, 34D)
Batting: RHB Hubert MacDonald 0-0: Ball
1-0: Foul Ball, location: 2F
1-1: Foul Ball, location: 2F
1-2: Strikes out looking
Batting: RHB César Martínez 0-0: Called Strike
0-1: Foul Ball, location: 2F
0-2: Foul Ball, location: 2F
0-2: Foul Ball, location: 2F
0-2: Fly out, F8 (Flyball, 89D)
Batting: RHB Jesús Ramos 0-0: Ball
1-0: SINGLE (Line Drive, 6MD)
Steve Cook to second
Batting: RHB Kyle Baylor 0-0: Ball
1-0: Ball
2-0: Swinging Strike
2-1: Ball
3-1: Called Strike
3-2: Base on Balls
Steve Cook to third
Jesús Ramos to second
Batting: RHB Ricardo Velásquez 0-0: Ball
1-0: Ball
2-0: Ball
3-0: Base on Balls
Steve Cook scores
Jesús Ramos to third
Kyle Baylor to second
Pitching: RHP Gabriel McDaniel
Batting: LHB Milo Powers 0-0: Swinging Strike
0-1: Called Strike
0-2: Foul Ball, location: 2F
0-2: Foul Ball, location: 2F
0-2: Ball
1-2: Hit by Pitch
Jesús Ramos scores
Kyle Baylor to third
Ricardo Velásquez to second
Batting: RHB Michael Hall 0-0: Foul Ball, location: 2F
0-1: Ball
1-1: Foul Ball, location: 2F
1-2: Strikes out looking
Top of the 5th over - 2 run(s), 2 hit(s), 0 error(s), 3 left on base; Lee's Summit 2 - Columbia 0
BOTTOM OF THE 5TH
Columbia 08s batting - Pitching for Lee's Summit Tigers : RHP Jeff Mann
Batting: SHB Juan Carlos González 0-0: Called Strike
0-1: Ball
1-1: Called Strike
1-2: Foul Ball, location: 2F
1-2: Foul Ball, location: 2F
1-2: Hit by Pitch
Batting: RHB Pedro López 0-0: Ball
1-0: Ball
2-0: Reached on error, E1 (Groundball, 13S)
Juan Carlos González to second
Batting: RHB James Hunter 0-0: Foul Ball, location: 2F
0-1: Fly out, F8 (Flyball, 8LM)
Batting: RHB Juan Trujillo 0-0: Called Strike
0-1: Foul Ball, location: 2F
0-2: Ball
1-2: Strikes out looking
Batting: RHB Carlos Estrada 0-0: Called Strike
0-1: Foul Ball, location: 2F
0-2: Ball
Wild Pitch!
Juan Carlos González to third
Pedro López to second
1-2: Fly out, F9 (Flyball, 9LS)
Bottom of the 5th over - 0 run(s), 0 hit(s), 1 error(s), 2 left on base; Lee's Summit 2 - Columbia 0
TOP OF THE 6TH
Lee's Summit Tigers batting - Pitching for Columbia 08s : RHP Gabriel McDaniel
Batting: RHB Steven Wright 0-0: Foul Ball, location: 2F
0-1: Ball
1-1: Called Strike
1-2: Ball
2-2: Foul Ball, location: 2F
2-2: Ball
3-2: Foul Ball, location: 2F
3-2: Foul Ball, location: 2F
3-2: Strikes out swinging
Batting: RHB Steve Cook 0-0: Ball
1-0: Foul Ball, location: 2F
1-1: Hit by Pitch
Batting: RHB Hubert MacDonald 0-0: Ball
1-0: Fly out, F7 (Flyball, 78S)
Batting: RHB César Martínez 0-0: Ball
1-0: Swinging Strike
1-1: Ball
2-1: Fielders Choice at 2nd, 5-4 (Groundball, 5L)
Top of the 6th over - 0 run(s), 0 hit(s), 0 error(s), 0 left on base; Lee's Summit 2 - Columbia 0
BOTTOM OF THE 6TH
Columbia 08s batting - Pitching for Lee's Summit Tigers : RHP Jeff Mann
Batting: RHB Carlos López 0-0: Ball
1-0: Foul Ball, location: 2F
1-1: Ball
2-1: Called Strike
2-2: Strikes out swinging
Batting: LHB Dave Raines 0-0: Foul Ball, location: 2F
0-1: Foul Ball, location: 2F
0-2: Ball
1-2: Ball
2-2: Strikes out looking
Batting: RHB Tom Hicks 0-0: Called Strike
0-1: Foul Ball, location: 2F
0-2: Ball
1-2: Ball
2-2: Ball
3-2: Base on Balls
Batting: RHB Jaime Hernández 0-0: Ball
1-0: Ball
2-0: Foul Ball, location: 2F
2-1: Foul Ball, location: 2F
2-2: Strikes out swinging
Bottom of the 6th over - 0 run(s), 0 hit(s), 0 error(s), 1 left on base; Lee's Summit 2 - Columbia 0
TOP OF THE 7TH
Lee's Summit Tigers batting - Pitching for Columbia 08s : RHP Gabriel McDaniel
Batting: RHB Jesús Ramos 0-0: SINGLE (Groundball, 6MD)
Batting: RHB Kyle Baylor 0-0: Sac Bunt - play at first, batter safe!
Jesús Ramos to second
Batting: RHB Ricardo Velásquez 0-0: Ball
1-0: Foul Ball, location: 2F
1-1: Grounds into double play, 6-4-3 (Groundball, 6)
Jesús Ramos to third
Batting: LHB Milo Powers 0-0: Ball
1-0: Called Strike
1-1: Ball
2-1: Ball
3-1: Base on Balls
Batting: RHB Michael Hall 0-0: Foul Ball, location: 2F
0-1: Fly out, F7 (Flyball, 7)
Top of the 7th over - 0 run(s), 2 hit(s), 0 error(s), 2 left on base; Lee's Summit 2 - Columbia 0
BOTTOM OF THE 7TH
Columbia 08s batting - Pitching for Lee's Summit Tigers : RHP Jeff Mann
Pitching: RHP Alejandro Longoria
Batting: SHB Juan Carlos González 0-0: Ball
1-0: Ball
2-0: Swinging Strike
2-1: Called Strike
2-2: Strikes out swinging
Batting: RHB Pedro López 0-0: Called Strike
0-1: Foul Ball, location: 2F
0-2: Ball
1-2: Strikes out swinging
Batting: RHB James Hunter 0-0: Swinging Strike
0-1: Foul Ball, location: 2F
0-2: Ball
1-2: Foul Ball, location: 2F
1-2: Ball
2-2: Ball
3-2: Strikes out swinging
Bottom of the 7th over - 0 run(s), 0 hit(s), 0 error(s), 0 left on base; Lee's Summit 2 - Columbia 0
TOP OF THE 8TH
Lee's Summit Tigers batting - Pitching for Columbia 08s : RHP Gabriel McDaniel
Batting: RHB Steven Wright 0-0: Called Strike
0-1: Ground out 4-3 (Groundball, 4)
Batting: RHB Steve Cook 0-0: Called Strike
0-1: Ball
1-1: Ground out 4-3 (Groundball, 4M)
Batting: RHB Hubert MacDonald 0-0: Foul Ball, location: 2F
0-1: Swinging Strike
0-2: Strikes out swinging
Top of the 8th over - 0 run(s), 0 hit(s), 0 error(s), 0 left on base; Lee's Summit 2 - Columbia 0
BOTTOM OF THE 8TH
Columbia 08s batting - Pitching for Lee's Summit Tigers : RHP Alejandro Longoria
Batting: RHB Juan Trujillo 0-0: Called Strike
0-1: Fly out, F5 (Line Drive, 56)
Batting: RHB Carlos Estrada 0-0: Ball
1-0: Ball
2-0: Ball
3-0: Called Strike
3-1: Swinging Strike
3-2: Foul Ball, location: 2F
3-2: Strikes out swinging, 2-3 out at first.
Batting: RHB Carlos López 0-0: Called Strike
0-1: SINGLE (Groundball, 34D)
Batting: LHB Dave Raines 0-0: Called Strike
0-1: Ball
1-1: Foul Ball, location: 2F
1-2: Ball
2-2: Foul Ball, location: 2F
2-2: Ball
3-2: Ground out 4-3 (Groundball, 4)
Bottom of the 8th over - 0 run(s), 1 hit(s), 0 error(s), 1 left on base; Lee's Summit 2 - Columbia 0
TOP OF THE 9TH
Lee's Summit Tigers batting - Pitching for Columbia 08s : RHP Gabriel McDaniel
Batting: RHB César Martínez 0-0: Called Strike
0-1: Ball
1-1: Foul Ball, location: 2F
1-2: Strikes out swinging
Batting: RHB Jesús Ramos 0-0: Called Strike
0-1: Ball
1-1: SINGLE (Line Drive, 8LS)
Batting: RHB Kyle Baylor 0-0: Foul Ball, location: 2F
0-1: SINGLE (Flyball, 9LS)
Jesús Ramos to second
Runner from 2nd tries for 3rd, SAFE, throw made to third
Pitching: RHP José Peńa
Batting: RHB Ricardo Velásquez 0-0: Ball
1-0: Ball
2-0: Foul Ball, location: 2F
2-1: Called Strike
Kyle Baylor is caught stealing 2nd base
2-2: Strikes out looking
Top of the 9th over - 0 run(s), 2 hit(s), 0 error(s), 1 left on base; Lee's Summit 2 - Columbia 0
BOTTOM OF THE 9TH
Columbia 08s batting - Pitching for Lee's Summit Tigers : RHP Alejandro Longoria
Pitching: RHP Javier Pacheco
Batting: RHB Tom Hicks 0-0: Called Strike
0-1: Called Strike
0-2: Ball
1-2: Strikes out looking
Batting: RHB Jaime Hernández 0-0: Called Strike
0-1: Called Strike
0-2: Foul Ball, location: 2F
0-2: Ball
1-2: Foul Ball, location: 2F
1-2: Strikes out swinging
Batting: SHB Juan Carlos González 0-0: Ball
1-0: Foul Ball, location: 2F
1-1: Swinging Strike
1-2: Foul Ball, location: 2F
1-2: Ball
2-2: SINGLE (Groundball, 4D)
Pinch Hitting: LHB Claudio Palácios 0-0: Ball
1-0: Ball
2-0: Called Strike
2-1: Ball
3-1: Base on Balls
Juan Carlos González to second
Pinch Hitting: SHB Jorge Rodríguez 0-0: Ball
1-0: Foul Ball, location: 2F
1-1: Ball
2-1: Ball
3-1: Base on Balls
Juan Carlos González to third
Claudio Palácios to second
Batting: RHB Juan Trujillo 0-0: Fly out, F8 (Line Drive, 8RS)
Bottom of the 9th over - 0 run(s), 1 hit(s), 0 error(s), 3 left on base; Lee's Summit 2 - Columbia 0
Thursday, March 30th, 2017 - OOTP Baseball 17.12 Build 75